 Dungeon Crawl Stone Soup version 0.27-a0-590-g94244163b4 (webtiles) character file.

Game seed: 15374447371687042427

268 wakim the Skirmisher (level 6, -3/53 HPs)
             Began as a Gnoll Wanderer on Mar 10, 2021.
             Killed from afar by Ijyb (12 damage)
             ... with a puff of flame
             ... on level 3 of the Dungeon.
             The game lasted 00:14:21 (3155 turns).

wakim the Skirmisher (Gnoll Wanderer)               Turns: 3155, Time: 00:14:22

Health: -3/53      AC:  3    Str: 11    XL:     6   Next: 21%
Magic:  0/11       EV: 12    Int: 14    God:
Gold:   95         SH:  5    Dex: 11    Spells: 10/11 levels left

rFire    . . .     SeeInvis .   a - +1 short sword (freeze)
rCold    . . .     Faith    .   f - +1 buckler
rNeg     . . .     Spirit   .   d - +0 robe
rPois    .         Reflect  .   (no helmet)
rElec    .         Harm     .   e - scarf {+Inv}
rCorr    .         Rampage  .   (no gloves)
Will     .....                  o - +0 pair of boots
Stlth    ++........             (no amulet)
HPRegen  0.17/turn              (no ring)
MPRegen  0.12/turn              (no ring)

@: no status effects
A: fangs 1, strong nose, distributed training
a: Evoke Invisibility


You were on level 3 of the Dungeon.
You visited 1 branch of the dungeon, and saw 3 of its levels.

You collected 95 gold pieces.

Inventory:

Hand Weapons
 a - a +1 short sword of freezing (weapon)
Missiles
 g - 62 stones (quivered)
 k - 75 sling bullets
Armour
 d - a +0 robe (worn)
 e - a scarf of invisibility (worn)
 f - a +1 buckler (worn)
 o - a +0 pair of boots (worn)
Jewellery
 j - a ring of ice
Scrolls
 b - a scroll of identify
 h - 2 scrolls of enchant armour
Potions
 n - a potion of flight


   Skills:
 + Level 6.8 Fighting
 + Level 1.8 Short Blades
 + Level 1.8 Long Blades
 + Level 1.8 Axes
 + Level 1.8 Maces & Flails
 + Level 1.8 Polearms
 + Level 3.2 Staves
 + Level 1.8 Slings
 + Level 1.8 Bows
 + Level 1.8 Crossbows
 + Level 3.2 Throwing
 + Level 1.8 Armour
 + Level 3.2 Dodging
 + Level 3.0 Stealth
 + Level 1.8 Shields
 + Level 1.8 Unarmed Combat
 + Level 3.3 Spellcasting
 + Level 1.4 Conjurations
 + Level 1.4 Hexes
 + Level 1.4 Summonings
 + Level 1.4 Necromancy
 + Level 1.4 Translocations
 + Level 1.4 Transmutations
 + Level 4.1 Fire Magic
 + Level 1.4 Ice Magic
 + Level 1.4 Air Magic
 + Level 1.4 Earth Magic
 + Level 1.4 Poison Magic
 + Level 2.0 Invocations
 + Level 1.8 Evocations


You had 10 spell levels left.
You knew the following spells:

 Your Spells              Type           Power      Damage    Failure   Level
b - Foxfire               Conj/Fire      40%        2x1d6     9%          1

Your spell library contained the following spells:

 Spells                   Type           Power      Damage    Failure   Level
 Magic Dart               Conj           24%        1d4       16%         1
 Conjure Flame            Conj/Fire      10%        6-21      26%         3
 Inner Flame              Hex/Fire       10%        N/A       26%         3
 Mephitic Cloud           Conj/Pois/Air  6%         N/A       41%         3
 Sticky Flame             Conj/Fire      10%        2d3       65%         4
 Fireball                 Conj/Fire      5%         3d5       94%         5


Dungeon Overview and Level Annotations

Branches:
Dungeon (3/15)

Altars:

Portals:
Sewer: D:3

Annotations:
D:3 Ijyb


Innate Abilities, Weirdness & Mutations

You have very sharp teeth.
Your uncanny sense of smell can sniff out nearby items.
Your experience applies equally to all skills.


Message History

Ijyb is lightly wounded.
Ijyb closely misses you.
You feel better. Ijyb hits you.
* * * LOW HITPOINT WARNING * * *
Casting: Foxfire (safe; 9% risk of failure)
Confirm with . or Enter, or press ? or * to list all spells.
You conjure some foxfire!
Ijyb closely misses you.
You barely miss Ijyb. Your bite misses Ijyb.
Ijyb is lightly wounded.
The foxfire hits Ijyb but does no damage.
Ijyb is lightly wounded.
The foxfire hits Ijyb but does no damage.
Ijyb is lightly wounded.
Ijyb hits you.
* * * LOW HITPOINT WARNING * * *
Casting: Foxfire (safe; 9% risk of failure)
Confirm with . or Enter, or press ? or * to list all spells.
You conjure some foxfire!
Ijyb hits you.
* * * LOW HITPOINT WARNING * * *
Press: ? - help, v - describe, . - travel
Here: Ijyb, wearing a +4 scale mail of poison resistance and carrying a wand of flame (8) (lightly wounded, ally target)
The floor.
Casting: Foxfire (safe; 9% risk of failure)
Confirm with . or Enter, or press ? or * to list all spells.
You conjure some foxfire!
The foxfire hits Ijyb but does no damage.
Ijyb is lightly wounded.
The foxfire hits Ijyb but does no damage.
Ijyb is lightly wounded.
You block Ijyb's attack.
The foxfire hits Ijyb.
Ijyb is lightly wounded.
The foxfire hits Ijyb but does no damage.
Ijyb is lightly wounded.
Ijyb closely misses you.
Ijyb zaps a wand.
The puff of flame hits you.
* * * LOW HITPOINT WARNING * * *
Okay, then.
Ijyb zaps a wand.
The puff of flame hits you!
You die...

#.##.## *,********* #.##.#
*,**,,,,,,, *********######..#.#
*,**,****** ,,,,,,,,.........†.#
*,**,******
***#############.###***>,,,,,,,,,
#............g.# *,,,,,,,,,,,,
#.###########..#**,****,,*****
#.# #..##.#,****,* #.# #@...#**,*
*,* #.# #†###.#,** *,* #.# #.#
**.#* *,* #.# ***#.# **# *,* #.#
*,,..# *,* #.# *,#### *,* #.# *,*
*,* #.# *,* *,* #.# *,* **,**


You could see Ijyb.

Vanquished Creatures
  A scorpion (D:3)
  Jessica (D:3)
  Natasha (twice) (D:2)
  An orc wizard (D:2)
  3 gnolls (D:2)
  4 adders
  2 worms
  A dart slug (D:1)
  A leopard gecko (D:1)
  4 orcs (D:2)
  5 giant cockroaches
  A hobgoblin (D:3)
  4 jackals (D:3)
  6 bats
  A frilled lizard (D:2)
  2 goblins (D:1)
  6 kobolds
  4 rats
49 creatures vanquished.

Vanquished Creatures (collateral kills)
  A foxfire (D:2)
1 creature vanquished.

Vanquished Creatures (others)
  114 foxfires
  2 plants (D:2)
116 creatures vanquished.

Grand Total: 166 creatures vanquished

Notes
Turn   | Place    | Note
-------+----------+-------------------------------------------
     0 | D:1      | wakim the Gnoll Wanderer began the quest for the Orb.
     0 | D:1      | wakim set off with the following items: a +0 club, a potion
                  | of curing, a +0 robe; and the following spells available to
                  | memorise: Foxfire, Magic Dart, Conjure Flame, Inner Flame,
                  | Mephitic Cloud, Sticky Flame, Fireball
     0 | D:1      | Reached XP level 1. HP: 23/23 MP: 4/4
     2 | D:1      | Learned a level 1 spell: Magic Dart
   414 | D:1      | Reached XP level 2. HP: 29/29 MP: 5/5
   812 | D:1      | Learned a level 1 spell: Foxfire
  1535 | D:2      | Reached XP level 3. HP: 25/35 MP: 2/7
  1667 | D:2      | Reached skill level 1 in Invocations
  1946 | D:2      | Noticed Natasha
  1960 | D:2      | HP: 1/35 [Natasha (8)]
  1962 | D:2      | Reached skill level 1 in Short Blades
  1962 | D:2      | Reached skill level 1 in Long Blades
  1962 | D:2      | Reached skill level 1 in Axes
  1962 | D:2      | Reached skill level 1 in Maces & Flails
  1962 | D:2      | Reached skill level 1 in Polearms
  1962 | D:2      | Reached skill level 1 in Slings
  1962 | D:2      | Reached skill level 1 in Bows
  1962 | D:2      | Reached skill level 1 in Crossbows
  1962 | D:2      | Reached skill level 1 in Armour
  1962 | D:2      | Reached skill level 1 in Shields
  1962 | D:2      | Reached skill level 1 in Unarmed Combat
  1962 | D:2      | Reached skill level 1 in Evocations
  1962 | D:2      | Reached XP level 4. HP: 33/41 MP: 6/8
  1962 | D:2      | Killed Natasha
  1963 | D:2      | Reached skill level 1 in Conjurations
  1963 | D:2      | Reached skill level 1 in Hexes
  1963 | D:2      | Reached skill level 1 in Summonings
  1963 | D:2      | Reached skill level 1 in Necromancy
  1963 | D:2      | Reached skill level 1 in Translocations
  1963 | D:2      | Reached skill level 1 in Transmutations
  1963 | D:2      | Reached skill level 1 in Ice Magic
  1963 | D:2      | Reached skill level 1 in Air Magic
  1963 | D:2      | Reached skill level 1 in Earth Magic
  1963 | D:2      | Reached skill level 1 in Poison Magic
  2213 | D:2      | Reached XP level 5. HP: 35/47 MP: 2/9
  2792 | D:2      | Noticed Natasha
  2800 | D:2      | Killed Natasha
  2927 | D:3      | Noticed Jessica
  2938 | D:3      | Killed Jessica
  3040 | D:3      | Reached XP level 6. HP: 25/53 MP: 4/11
  3113 | D:3      | Found a glowing drain.
  3114 | D:3      | Noticed Ijyb
  3155 | D:3      | Killed from afar by Ijyb

Illustrated notes

Levels and vault maps discovered:
D:1:      minmay_arrival_glassed_features, layout_loops_ring
D:2:      layout_loops_corners, serial_bayou_lake_a, uniq_natasha
D:3:      layout_loops_ring, portal_sewer_entry_a, uniq_jessica, uniq_ijyb

Skill      XL: |  1  2  3  4  5 |
---------------+----------------+-----
Invocations    | 1 2 |  2.0
Short Blades   | 1 |  1.8
Long Blades    | 1 |  1.8
Axes           | 1 |  1.8
Maces & Flails | 1 |  1.8
Polearms       | 1 |  1.8
Slings         | 1 |  1.8
Bows           | 1 |  1.8
Crossbows      | 1 |  1.8
Armour         | 1 |  1.8
Shields        | 1 |  1.8
Unarmed Combat | 1 |  1.8
Evocations     | 1 |  1.8
Spellcasting   | 3 |  3.3
Conjurations   | 1 |  1.4
Hexes          | 1 |  1.4
Summonings     | 1 |  1.4
Necromancy     | 1 |  1.4
Translocations | 1 |  1.4
Transmutations | 1 |  1.4
Ice Magic      | 1 |  1.4
Air Magic      | 1 |  1.4
Earth Magic    | 1 |  1.4
Poison Magic   | 1 |  1.4
Staves         | 3 |  3.2
Throwing       | 3 |  3.2
Dodging        | 3 |  3.2
Fire Magic     | 4 |  4.1
Stealth        | 3 |  3.0
Fighting       | |  6.8

Action                   |  1- 3 |  4- 6 || total
-------------------------+-------+-------++-------
Melee: Club              |     8 |       ||     8
       Dagger            |     9 |       ||     9
       Short sword       |    30 |    48 ||    78
       Bite              |       |     5 ||     5
Throw: Stone             |    36 |     2 ||    38
 Cast: Magic Dart        |    13 |     3 ||    16
       Foxfire           |    17 |    54 ||    71
  Use: Scroll            |     4 |     5 ||     9
       Potion            |     1 |     4 ||     5
 Stab: Sleeping          |     2 |     1 ||     3
Armor: Robe              |    10 |    11 ||    21
Dodge: Dodged            |    30 |    39 ||    69
Block: Buckler           |    12 |    13 ||    25

Table legend: (Time is in decaauts)
 A = Elapsed time spent in this place.
 B = Non-inter-level travel time spent in this place.
 C = Inter-level travel time spent in this place.
 D = Time resting spent in this place.
 E = Time spent auto-exploring this place.
 F = Levels seen in this place.
 G = Mean time per level.
                   A        B        C        D        E       F      G
               +--------+--------+--------+--------+--------+-----+--------+
         Total |   3234 |   3083 |    151 |    980 |   1311 |   3 | 1078.0 |
       Dungeon |   3234 |   3083 |    151 |    980 |   1311 |   3 | 1078.0 |
               +--------+--------+--------+--------+--------+-----+--------+

Top non-repeatable levels by time:
     D:2: 1638 daAuts
     D:1: 1364 daAuts
     D:3: 231 daAuts
